 Dungeon Crawl Stone Soup version 0.31-a0-313-g785cd24033 (webtiles) character file.

Game seed: 4304907324857327182

5 MacCMillion the Changeling (level 1, 0/16 HPs)
             Began as a Merfolk Shapeshifter on July 17, 2023.
             Slain by a quokka (5 damage)
             ... on level 1 of the Dungeon.
             The game lasted 00:01:04 (175 turns).

MacCMillion the Changeling (Merfolk Shapeshifter)    Turns: 175, Time: 00:01:05

Health: 0/16       AC:  2    Str: 15    XL:     1   Next: 80%
Magic:  1/1        EV: 13    Int:  7    God:
Gold:   0          SH:  0    Dex: 14    Spells: 0/0 levels left

rFire   . .          .
                       - Unarmed
rCold   . . .        (no shield)
rNeg    . . .        a - +0 animal skin
rPois   .            (helmet currently unavailable)
rElec   .            (cloak currently unavailable)
rCorr   .            (gloves currently unavailable)
SInv    .            (boots currently unavailable)
Will    .....        (no amulet)
Stlth   +            (no ring)
HPRegen 0.22/turn    (no ring)
MPRegen 0.07/turn

%: no passive effects
@: beast-form
A: beast (slay +2), (nimble swimmer 2), mertail
a: Begin Untransformation


You were on level 1 of the Dungeon.
You were a hulking beast.
You visited 1 branch of the dungeon, and saw 1 of its levels.

Inventory:

Armour
 a - a +0 animal skin (worn)
Jewellery
 d - an amulet of reflection
Talismans
 c - a beast talisman
Potions
 b - a potion of lignification
 e - a potion of experience {unknown}


   Skills:
 - Level 2.1 Fighting
 + Level 2.9 Dodging
 + Level 2.4 Unarmed Combat
 + Level 4.1 Shapeshifting


You couldn't memorise any spells.
You didn't know any spells.
Your spell library was empty.

Dungeon Overview and Level Annotations

Branches:
Dungeon (1/15)

Altars:


Innate Abilities, Weirdness & Mutations

You are a hulking beast.
Your limbs bulge with bestial killing power. (Slay +2)
((You are very nimble when in or above water. (Stealth+, EV+, Speed+++)))
Your lower body shifts to a powerful aquatic tail in water.


Message History

An endoplasm is nearby!
The helpless endoplasm fails to defend itself.
You hit the endoplasm.
The endoplasm is heavily wounded.
The endoplasm freezes you.
You are frozen.
You hit the endoplasm.
You kill the endoplasm!
No target in view!
Found a ring mail.
Found a stone.
A quokka comes into view.
Found 7 gold pieces.
A quokka is nearby!
No target in view!
No target in view!
The quokka bites you. The quokka misses you.
You barely miss the quokka. The quokka bites you.
You hit the quokka.
The quokka is moderately wounded.
The quokka bites you.
You hit the quokka.
The quokka is heavily wounded.
The quokka bites you but does no damage.
You miss the quokka.
The quokka is heavily wounded.
The quokka completely misses you.
You hit the quokka but do no damage.
The quokka is heavily wounded.
The quokka closely misses you.
You barely miss the quokka.
The quokka is heavily wounded.
The quokka bites you.
You barely miss the quokka.
The quokka is heavily wounded.
The quokka closely misses you.
You hit the quokka.
The quokka is severely wounded.
The quokka bites you. x2
You die...

##. ...# #..## .#.## #
#.#.. .... ...
##..#$#.#.#.#.#
#..............
##..#.#.#.#.#.#.
##...............
#...#.#.#.#.#.#.#
##.#......h.......
#...#.#.#.#r#.#.#.
#.#.[(..........
#..#.#.#.#.#.#.#.#
#.................
#.#.#.#.#.#.#.#.#.
##................. . ..
#.#.#.#.#.#.#.#.#.#.#.## .
#.........................


You could see a quokka.

Vanquished Creatures
  2 endoplasms (D:1)
  2 jackals (D:1)
4 creatures vanquished.

Notes
Turn   | Place    | Note
-------+----------+-------------------------------------------
     0 | D:1      | MacCMillion the Merfolk Shapeshifter began the quest for
                  | the Orb.
     0 | D:1      | Reached XP level 1. HP: 16/16 MP: 1/1
   175 | D:1      | Slain by a quokka

Illustrated notes

Levels and vault maps discovered:
D:1:      doesnt_arrival_eight_statues, layout_basic, chequers_garden, hex_large

Action                     || total
---------------------------++-------
  Melee: Unarmed           ||    18
   Stab: Sleeping          ||     1
 Armour: Animal skin       ||     3
  Dodge: Dodged            ||     8

Table legend: (Time is in decaauts)
 A = Elapsed time spent in this place.
 B = Non-inter-level travel time spent in this place.
 C = Inter-level travel time spent in this place.
 D = Time resting spent in this place.
 E = Time spent auto-exploring this place.
 F = Levels seen in this place.
 G = Mean time per level.
                   A        B        C        D        E       F      G
               +--------+--------+--------+--------+--------+-----+--------+
         Total |    174 |    174 |      0 |      0 |    118 |   1 |  174.0 |
       Dungeon |    174 |    174 |      0 |      0 |    118 |   1 |  174.0 |
               +--------+--------+--------+--------+--------+-----+--------+

Top non-repeatable levels by time:
     D:1: 174 daAuts
